Workbook

Sheet Note
A1: NOTE DI COMPILAZIONE
A3: ► | B3: Prima di compilare la presente tabella inserire in DUA, nel progetto di intervento, tutte le voci di spesa. Successivamente riportare l’importo totale dell’investimento risultante nel progetto in DUA, nella scheda “Data_input” – casella “TOTALE PIANO FINANZIARIO” specificando la provenienza dei fondi.
A5: ► | B5: Qualora un documento di spesa (preventivo, fattura, ecc) contenga più oggetti di spesa riferibili ad obiettivi tematici diversi, occorre compilare una riga per ognuna di queste voci.
A7: ► | B7: Nella colonna “Oggetto di Spesa” specificare il bene/servizio presente in fattura/preventivo o gli specifici interventi a misura presenti nel computo metrico. Questo serve per differenziare una spesa tematica o le spese relative ad operazioni differenti.
A9: ► | B9: Nella colonna “Costo Complessivo (al netto d'IVA)” inserire l’importo del singolo oggetto di spesa.
A11: ► | B11: Nella colonna “IVA non recuperabile” inserire l’importo dell’IVA, qualora questa non sia recuperabile da parte del beneficiario e quindi rappresenti per lui un costo.
A13: ► | B13: Nella colonna “Codice Operazione della spesa/Spese Generali” inserire il codice operazione oppure le spese generali afferenti tutte le operazioni.
A15: ► | B15: Nella colonna “Importo spesa BASE richiesta a contributo” inserire la voce di spesa non legata ad interventi tematici
A17: ► | B17: Nella colonne “Importo spesa tematica XX richiesta a contributo” inserire le spese legate agli specifici interventi tematici identificati dal codice.
A19: ► | B19: ATTENZIONE! Una specifica spesa non può essere attribuita a più investimenti tematici. Qualora una spesa interessi più investimenti tematici, conviene scegliere quella che da luogo al punteggio maggiore.
A21: ► | B21: Il foglio “Punteggio” determina , sulla base degli investimenti tematici Q2_SO3_SO5_SO8_SO9_SO13 e degli investimenti BASE, i punteggi tematici da riportare nella apposita sezione in “Criteri di selezione” del modulo informatico ARTEA. Detti punteggi, riferiti ai singoli criteri, sono immodificabili se non in diminuzione a seguito di istruttoria.
A23: ► | B23: Il foglio “Riepilogo_operazioni” riporta i subtotali degli investimenti suddivisi per Codici Operazioni e per Spese Generali.

Sheet Data_input
C1: PIANO FINANZIARIO DEL PROGETTO
D2: EURO
C3: PARTECIPAZIONE DEL BENEFICIARIO | D3: =D4+D5+D6 -> 0
B4: caselle editabili | C4: fondi propri
C5: prestiti
C6: altro
C7: CONTRIBUTO FEAMPA
C8: TOTALE PIANO FINANZIARIO | D8: =D3+D7 -> 0
A10: ELENCO DELLE SPESE con attribuzione al Codice Operazione di appartenenza e all'eventuale Investimento Tematico
A11: Natura (Fattura/preventivo/computo) | B11: Oggetto di Spesa | C11: Fornitore | D11: Numero | E11: Data | F11: Costo Complessivo (al netto d'IVA) | G11: IVA non recuperabile (es. SOGGETTO PUBBLICO) | H11: Codice Operazione della spesa/Spese Generali | I11: Importo spesa BASE richiesta a contributo | J11: Importo spesa tematica Q2 richiesta a contributo | K11: Importo spesa tematica SO3 richiesta a contributo | L11: Importo spesa tematica SO5 richiesta a contributo | M11: Importo spesa tematica SO8 richiesta a contributo | N11: Importo spesa tematica SO9 richiesta a contributo | O11: Importo spesa tematica SO13 richiesta a contributo | P11: CHECK corretta compilazione
P12: =IF(SUM(I12:O12)=SUM(F12:G12),"OK","ERRORE COMPILAZIONE") -> OK
P13: =IF(SUM(I13:O13)=SUM(F13:G13),"OK","ERRORE COMPILAZIONE") -> OK
P14: =IF(SUM(I14:O14)=SUM(F14:G14),"OK","ERRORE COMPILAZIONE") -> OK
P15: =IF(SUM(I15:O15)=SUM(F15:G15),"OK","ERRORE COMPILAZIONE") -> OK
P16: =IF(SUM(I16:O16)=SUM(F16:G16),"OK","ERRORE COMPILAZIONE") -> OK
P17: =IF(SUM(I17:O17)=SUM(F17:G17),"OK","ERRORE COMPILAZIONE") -> OK
P18: =IF(SUM(I18:O18)=SUM(F18:G18),"OK","ERRORE COMPILAZIONE") -> OK
P19: =IF(SUM(I19:O19)=SUM(F19:G19),"OK","ERRORE COMPILAZIONE") -> OK
P20: =IF(SUM(I20:O20)=SUM(F20:G20),"OK","ERRORE COMPILAZIONE") -> OK
P21: =IF(SUM(I21:O21)=SUM(F21:G21),"OK","ERRORE COMPILAZIONE") -> OK
P22: =IF(SUM(I22:O22)=SUM(F22:G22),"OK","ERRORE COMPILAZIONE") -> OK
P23: =IF(SUM(I23:O23)=SUM(F23:G23),"OK","ERRORE COMPILAZIONE") -> OK
... P111: =IF(SUM(I111:O111)=SUM(F111:G111),"OK","ERRORE COMPILAZIONE") -> OK

Sheet Punteggio
A2: N | B2: CRITERI DI SELEZIONE DELLE OPERAZIONI | C2: Costo investimento tematico | D2: Coefficiente C (0<C<1) | E2: Peso (Ps) | F2: Punteggio
A3: CRITERI QUALITATIVI DELLA PROPOSTA PROGETTUALE
A4: Q2 | B4: Livello di innovazione tecnologica mediante la valutazione del costo degli investimenti a carattere innovativo sul costo totale dell’investimento (Q2) | C4: =SUM(Data_input!J12:J111) -> 0 | D4: C=Costo investimento innovazione/Costo totale | E4: 10 | F4: =C4*E4/C12 -> #DIV/0!
A5: CRITERI SPECIFICI DELLE OPERAZIONI ATTIVATE | C5: 0
A6: SO3 | B6: L’operazione prevede investimenti per migliorare la tracciabilità dei prodotti a partire da bordo(O3) | C6: =SUM(Data_input!K12:K111) -> 0 | D6: C=Costo investimento tematico/Costo totale | E6: 1 | F6: =C6*E6/C12 -> #DIV/0!
A7: SO5 | B7: Costi investimenti per la conservazione delle risorse marine, per la transizione green attraverso la realizzazione/adeguamento di modelli produttivi green (gestione sostenibile delle risorse acquati-che anche attraverso la decarbonizzazione, auto-sufficienza energetica delle produzioni, sequestro CO2, riduzione gas serra) (O5) | C7: =SUM(Data_input!L12:L111) -> 0 | D7: C=Costo investimento tematico/Costo totale | E7: 5 | F7: =C7*E7/C12 -> #DIV/0!
A8: SO8 | B8: L’iniziativa prevede investimenti finalizzati a migliorare la qualità degli alimenti e sicurezza igienica delle produzioni (O8) | C8: =SUM(Data_input!M12:M111) -> 0 | D8: C=Costo investimento tematico/Costo totale | E8: 4 | F8: =C8*E8/C12 -> #DIV/0!
A9: SO9 | B9: L’iniziativa prevede investimenti per lo sviluppo o introduzione di sistemi di imballaggio e/o trasporto innovativi tracciati a ridotto impatto ambientale per i prodotti della pesca (O9) | C9: =SUM(Data_input!N12:N111) -> 0 | D9: C=Costo investimento tematico/Costo totale | E9: 4 | F9: =C9*E9/C12 -> #DIV/0!
A10: SO13 | B10: L'iniziativa prevede investimenti per fornire valore aggiunto alle produzioni della piccola pesca costiera (O13) | C10: =SUM(Data_input!O12:O111) -> 0 | D10: C=Costo investimento tematico/Costo totale | E10: 4 | F10: =C10*E10/C12 -> #DIV/0!
A11: INTERVENTI NON TEMATICI (BASE) | C11: =SUM(Data_input!I12:I111) -> 0
A12: COSTO TOTALE INVESTIMENTO (Investimento base+Investimenti Tematici) | B12: ATTENZIONE! Deve coincidere con Totale Progetto in DUA | C12: =SUM(C4:C11) -> 0
A13: PUNTEGGIO COMPLESSIVO | F13: =SUM(F4:F10) -> #DIV/0!

Sheet Riepilogo_operazioni
A1: QUADRO RIEPILOGATIVO DELLE SPESE
A2: TOTALE COSTO OPERAZIONE | B2: EURO
A3: COD.07 | B3: =SUMIF(Data_input!H12:H111,"07",Data_input!F12:F111)+SUMIF(Data_input!H12:H111,"07",Data_input!G12:G111) -> 0
A4: COD.10 | B4: =SUMIF(Data_input!H12:H111,"10",Data_input!F12:F111)+SUMIF(Data_input!H12:H111,"10",Data_input!G12:G111) -> 0
A5: COD.18 | B5: =SUMIF(Data_input!H12:H111,"18",Data_input!F12:F111)+SUMIF(Data_input!H12:H111,"18",Data_input!G12:G111) -> 0
A6: COD.19 | B6: =SUMIF(Data_input!H12:H111,"19",Data_input!F12:F111)+SUMIF(Data_input!H12:H111,"19",Data_input!G12:G111) -> 0
A7: COD.47 | B7: =SUMIF(Data_input!H12:H111,"47",Data_input!F12:F111)+SUMIF(Data_input!H12:H111,"47",Data_input!G12:G111) -> 0
A8: COD.48 | B8: =SUMIF(Data_input!H12:H111,"48",Data_input!F12:F111)+SUMIF(Data_input!H12:H111,"48",Data_input!G12:G111) -> 0
A9: COD.53 | B9: =SUMIF(Data_input!H12:H111,"53",Data_input!F12:F111)+SUMIF(Data_input!H12:H111,"53",Data_input!G12:G111) -> 0
A10: COD.56 | B10: =SUMIF(Data_input!H12:H111,"56",Data_input!F12:F111)+SUMIF(Data_input!H12:H111,"56",Data_input!G12:G111) -> 0
A11: COD.66 | B11: =SUMIF(Data_input!H12:H111,"66",Data_input!F12:F111)+SUMIF(Data_input!H12:H111,"66",Data_input!G12:G111) -> 0
A12: TOTALE COSTI | B12: =SUM(B3:B11) -> 0
A13: Spese Generali (max 12% del totale costi) | B13: =SUMIF(Data_input!H12:H111,"Spese Generali",Data_input!F12:F111)+SUMIF(Data_input!H12:H111,"Spese Generali",Data_input!G12:G111) -> 0
A14: TOTALE PROGETTO (totale costi+spese generali) | B14: =SUM(B12:B13) -> 0
